General information
- name: BNet
- type: Ladder 1vs1/FFA
- host: Battle.net
- saver: BEAR_AND
map: Moonglade
- players: 2
- length: 80:43
- speed: Fast
- version: 1.21 W3XP
- replay type:

» download(256 KB)
Players
team 1 (winner)
BEAR_AND (
green | 105 APM | 8463 actions | 80:43)
6 Archmage
3 Blizzard
2 Brilliance Aura
1 Mass Teleport
6 Mountain King
3 Storm Bolt
2 Bash
1 Avatar
5 Paladin
3 Holy Light
2 Divine Shield
» actions
| Assign group hotkey | 30 | |
| Basic commands | 15 | |
| Build / train | 215 | |
| Enter build submenu | 102 | |
| Enter hero's abilities submenu | 17 | |
| Give item / drop item | 9 | |
| Remove unit from queue | 1 | |
| Right click | 5153 | |
| Select / deselect | 932 | |
| Select group hotkey | 1455 | |
| Use ability | 531 | |
8463 total
» units
| Peasant | 17 | |
| Priest | 2 | |
| Dragonhawk Rider | 13 | |
| Flying Machine | 16 | |
| Mortar Team | 1 | |
49 total
» upgrades
| Masonry | 3 | |
| Lumber Harvesting | 2 | |
| Magic Sentry | 1 | |
| Animal War Training | 1 | |
| Backpack | 1 | |
| Armor | 3 | |
| Swords | 3 | |
| Cloud | 1 | |
| Priest Training | 2 | |
| Flak Cannons | 1 | |
| Gunpowder | 3 | |
| Plating | 3 | |
| Flying Machine Bombs | 1 | |
| Fragmentation Shards | 1 | |
| Flare | 1 | |
27 total
» buildings
| Altar of Kings | 1 | |
| Farm | 7 | |
| Lumber Mill | 3 | |
| Scout Tower | 163 | |
| Guard Tower | 85 | |
| Keep | 3 | |
| Blacksmith | 1 | |
| Arcane Vault | 1 | |
| Arcane Sanctum | 1 | |
| Arcane Tower | 9 | |
| Castle | 2 | |
| Gryphon Aviary | 1 | |
| Barracks | 1 | |
| Town Hall | 7 | |
| Workshop | 2 | |
287 total
» build order
00:10 Altar of Kings
00:15 Farm
00:36 Lumber Mill
00:50 Farm
01:07 Scout Tower
01:33 Scout Tower
01:46 Guard Tower
01:48 Scout Tower
02:01 Guard Tower
02:19 Guard Tower
02:20 Scout Tower
02:53 Keep
02:54 Keep
03:26 Guard Tower
03:31 Scout Tower
03:36 Blacksmith
03:43 Scout Tower
03:57 Farm
03:59 Guard Tower
04:02 Scout Tower
04:03 Scout Tower
04:05 Scout Tower
04:06 Scout Tower
04:53 Guard Tower
04:56 Arcane Vault
04:57 Guard Tower
05:05 Farm
05:21 Arcane Sanctum
05:50 Arcane Tower
05:50 Guard Tower
05:53 Scout Tower
05:54 Scout Tower
05:55 Scout Tower
06:54 Castle
07:05 Guard Tower
07:06 Guard Tower
07:29 Guard Tower
07:56 Guard Tower
08:01 Gryphon Aviary
09:17 Farm
09:18 Farm
09:21 Barracks
12:13 Town Hall
12:33 Farm
13:02 Town Hall
13:04 Scout Tower
13:05 Scout Tower
13:05 Scout Tower
13:06 Scout Tower
13:06 Scout Tower
13:07 Scout Tower
13:45 Guard Tower
14:08 Guard Tower
14:25 Scout Tower
14:26 Scout Tower
14:26 Scout Tower
14:27 Scout Tower
14:28 Scout Tower
14:28 Scout Tower
14:29 Guard Tower
15:15 Scout Tower
15:15 Scout Tower
15:16 Scout Tower
15:17 Scout Tower
15:18 Scout Tower
15:19 Scout Tower
15:20 Scout Tower
15:21 Scout Tower
15:22 Scout Tower
15:23 Scout Tower
15:24 Scout Tower
16:10 Guard Tower
16:13 Scout Tower
16:36 Guard Tower
16:42 Guard Tower
17:02 Guard Tower
17:27 Guard Tower
17:36 Guard Tower
17:40 Scout Tower
17:41 Scout Tower
17:42 Scout Tower
17:43 Scout Tower
17:44 Scout Tower
17:44 Scout Tower
18:42 Guard Tower
18:43 Guard Tower
18:51 Guard Tower
18:52 Guard Tower
19:18 Guard Tower
19:45 Guard Tower
19:45 Guard Tower
20:46 Town Hall
21:29 Scout Tower
21:30 Scout Tower
21:30 Scout Tower
21:31 Scout Tower
21:32 Scout Tower
21:33 Scout Tower
21:33 Scout Tower
21:34 Scout Tower
21:34 Scout Tower
21:35 Scout Tower
23:10 Guard Tower
23:54 Guard Tower
28:43 Scout Tower
28:44 Scout Tower
28:44 Scout Tower
28:45 Scout Tower
29:28 Guard Tower
29:52 Scout Tower
29:52 Scout Tower
29:53 Scout Tower
29:53 Scout Tower
29:53 Scout Tower
29:54 Scout Tower
29:55 Scout Tower
29:55 Scout Tower
29:56 Scout Tower
29:57 Scout Tower
29:58 Guard Tower
29:58 Guard Tower
30:20 Guard Tower
30:21 Guard Tower
30:25 Guard Tower
30:34 Guard Tower
30:37 Scout Tower
30:38 Scout Tower
30:39 Scout Tower
30:54 Guard Tower
30:55 Guard Tower
31:31 Guard Tower
31:36 Guard Tower
31:48 Town Hall
32:02 Guard Tower
32:22 Scout Tower
32:22 Scout Tower
32:23 Scout Tower
32:24 Scout Tower
32:24 Scout Tower
32:25 Scout Tower
32:26 Scout Tower
32:26 Scout Tower
32:27 Scout Tower
32:28 Scout Tower
32:29 Scout Tower
32:30 Scout Tower
32:31 Scout Tower
32:31 Scout Tower
33:15 Guard Tower
33:38 Guard Tower
33:48 Town Hall
33:49 Guard Tower
34:15 Guard Tower
34:34 Guard Tower
37:23 Scout Tower
37:24 Scout Tower
37:24 Scout Tower
37:25 Scout Tower
37:26 Scout Tower
37:26 Scout Tower
37:28 Scout Tower
37:28 Scout Tower
37:28 Scout Tower
37:29 Scout Tower
37:30 Scout Tower
37:30 Scout Tower
37:57 Guard Tower
37:57 Guard Tower
37:58 Guard Tower
37:58 Guard Tower
39:23 Scout Tower
39:25 Scout Tower
39:26 Scout Tower
39:26 Scout Tower
39:27 Scout Tower
39:28 Scout Tower
40:32 Guard Tower
40:40 Workshop
40:42 Workshop
40:49 Scout Tower
40:50 Scout Tower
40:50 Scout Tower
40:51 Scout Tower
40:52 Guard Tower
40:55 Guard Tower
40:55 Guard Tower
40:55 Guard Tower
41:19 Guard Tower
41:23 Guard Tower
41:49 Guard Tower
42:51 Scout Tower
42:51 Scout Tower
42:52 Scout Tower
42:52 Scout Tower
43:15 Scout Tower
43:16 Scout Tower
43:16 Scout Tower
43:22 Guard Tower
45:29 Scout Tower
45:30 Scout Tower
45:30 Scout Tower
45:31 Scout Tower
45:32 Scout Tower
45:33 Scout Tower
46:52 Guard Tower
46:57 Lumber Mill
47:28 Guard Tower
48:02 Guard Tower
48:25 Guard Tower
48:26 Guard Tower
48:32 Scout Tower
48:33 Scout Tower
48:33 Scout Tower
48:34 Scout Tower
48:37 Scout Tower
48:37 Scout Tower
48:37 Scout Tower
48:38 Scout Tower
48:38 Scout Tower
48:39 Scout Tower
49:11 Guard Tower
49:12 Guard Tower
49:22 Guard Tower
49:25 Scout Tower
49:25 Scout Tower
49:27 Scout Tower
49:27 Scout Tower
49:29 Guard Tower
49:29 Guard Tower
49:35 Guard Tower
50:06 Guard Tower
50:34 Guard Tower
50:43 Lumber Mill
52:12 Town Hall
60:45 Town Hall
63:18 Scout Tower
63:19 Scout Tower
63:20 Scout Tower
63:50 Guard Tower
63:52 Scout Tower
63:53 Scout Tower
64:08 Scout Tower
64:09 Scout Tower
64:10 Scout Tower
64:10 Scout Tower
64:11 Scout Tower
64:11 Scout Tower
64:12 Scout Tower
64:12 Scout Tower
64:13 Scout Tower
64:14 Scout Tower
64:14 Scout Tower
64:19 Guard Tower
64:55 Guard Tower
65:07 Guard Tower
65:12 Arcane Tower
65:12 Arcane Tower
65:31 Guard Tower
65:58 Arcane Tower
65:58 Arcane Tower
67:47 Arcane Tower
67:47 Arcane Tower
68:05 Guard Tower
68:55 Guard Tower
68:56 Guard Tower
75:12 Scout Tower
75:13 Scout Tower
75:51 Guard Tower
75:53 Scout Tower
75:59 Scout Tower
76:00 Scout Tower
76:05 Scout Tower
76:06 Scout Tower
76:26 Scout Tower
76:26 Scout Tower
76:27 Scout Tower
76:28 Scout Tower
76:29 Scout Tower
76:30 Scout Tower
77:18 Scout Tower
78:07 Guard Tower
78:08 Guard Tower
» items
| Staff of Sanctuary | 3 | |
| Orb of Fire | 2 | |
| Scroll of Town Portal | 2 | |
| Potion of Mana | 1 | |
| Lesser Clarity Potion | 3 | |
11 total
team 2 (loser)
mcrdmg- (
red | 47 APM | 3826 actions | 80:41)
6 Demon Hunter
2 Mana Burn
3 Evasion
1 Metamorphosis
5 Beastmaster
3 Summon Quilbeast
2 Summon Hawk
1 Naga Sea Witch
1 Frost Arrows
» actions
| Assign group hotkey | 65 | |
| Basic commands | 5 | |
| Build / train | 181 | |
| Enter build submenu | 59 | |
| Enter hero's abilities submenu | 12 | |
| Give item / drop item | 5 | |
| Remove unit from queue | 16 | |
| Right click | 1322 | |
| Select / deselect | 1001 | |
| Select group hotkey | 881 | |
| Use ability | 277 | |
3826 total
» units
| Wisp | 56 | |
| Archer | 1 | |
| Huntress | 3 | |
| Druid of the Claw | 3 | |
| Mountain Giant | 2 | |
| Dryad | 21 | |
| Glaive Thrower | 3 | |
| Chimaera | 7 | |
| Faerie Dragon | 4 | |
| Druid of the Talon | 11 | |
111 total
» upgrades
| Ultravision | 1 | |
| Druid of the Claw Training | 2 | |
| Strength of the Wild | 3 | |
| Reinforced Hides | 3 | |
| Mark of the Claw | 1 | |
| Abolish Magic | 1 | |
| Vorpal Blades | 1 | |
| Corrosive Breath | 1 | |
| Druid of the Talon Training | 2 | |
| Well Spring | 1 | |
16 total
» buildings
| Altar of Elders | 1 | |
| Moon Well | 18 | |
| Ancient of War | 2 | |
| Hunter's Hall | 1 | |
| Tree of Ages | 1 | |
| Ancient Protector | 13 | |
| Ancient of Lore | 3 | |
| Tree of Life | 10 | |
| Tree of Eternity | 1 | |
| Ancient of Wonders | 1 | |
| Ancient of Wind | 2 | |
| Chimaera Roost | 4 | |
57 total
» build order
00:02 Altar of Elders
00:19 Moon Well
01:22 Ancient of War
02:03 Hunter's Hall
02:18 Ancient of War
02:28 Moon Well
03:16 Tree of Ages
05:06 Ancient Protector
05:27 Moon Well
05:52 Ancient of Lore
06:27 Tree of Life
06:53 Ancient of Lore
08:15 Moon Well
09:34 Tree of Eternity
10:35 Ancient of Wonders
12:25 Moon Well
12:33 Moon Well
18:21 Tree of Life
19:11 Moon Well
20:49 Ancient Protector
20:51 Ancient Protector
20:54 Ancient Protector
22:10 Ancient Protector
22:13 Ancient Protector
22:15 Ancient Protector
22:56 Ancient Protector
23:01 Ancient Protector
26:58 Ancient of Wind
27:05 Ancient of Wind
28:16 Chimaera Roost
28:20 Chimaera Roost
28:23 Chimaera Roost
28:33 Chimaera Roost
40:22 Tree of Life
40:47 Tree of Life
41:31 Tree of Life
49:37 Tree of Life
52:31 Tree of Life
54:37 Tree of Life
55:13 Tree of Life
55:25 Ancient of Lore
55:44 Tree of Life
59:03 Moon Well
59:08 Moon Well
59:10 Moon Well
59:15 Moon Well
69:19 Moon Well
69:34 Moon Well
73:01 Moon Well
73:02 Moon Well
73:08 Moon Well
75:52 Moon Well
76:07 Moon Well
76:26 Ancient Protector
76:31 Ancient Protector
76:40 Ancient Protector
76:46 Ancient Protector
» items
| Scroll of Town Portal | 10 | |
| Staff of Preservation | 3 | |
| Orb of Venom | 1 | |
| Potion of Healing | 7 | |
21 total
Chat log
(04:47 / All) BEAR_AND: ty
(46:15 / All) BEAR_AND: hahahhahahahhahahhahaha
(49:11 / All) mcrdmg-: whats the matter?
(52:52 / All) mcrdmg-: lmfao youre such a pussy
(52:57 / All) BEAR_AND: gg
(52:57 / All) BEAR_AND: bye
(53:09 / All) BEAR_AND: ty for free win
(58:28 / All) mcrdmg-: you ok?
(67:01 / All) BEAR_AND: cya
(67:25 / All) mcrdmg-: youre leaving?
(67:28 / All) BEAR_AND: yes
(67:31 / All) mcrdmg-: =/